 Dungeon Crawl Stone Soup version 0.31-a0-1424-g2add1c7226 (webtiles) character file.

Game seed: 17776426599486849346

5129 Sonofthefire the Fighter (level 10, 0/76 HPs)
             Began as an Octopode Shapeshifter on Dec 24, 2023.
             Was a Priest of Qazlal.
             Slain by a wyvern (13 damage)
             ... on level 8 of the Dungeon on Dec 26, 2023.
             The game lasted 00:19:09 (10276 turns).

Sonofthefire the Fighter (Octopode Shapeshifter)   Turns: 10276, Time: 00:19:09

Health: 0/76       AC:  3    Str: 17    XL:     10   Next: 58%
Magic:  10/10      EV: 17    Int: 13    God:    Qazlal [***...]
Gold:   402        SH:  4    Dex: 12    Spells: 9/9 levels left

rFire   . .          .
                       - Unarmed
rCold   . . .        (no shield)
rNeg    . . .        (helmet currently unavailable)
rPois   .            l - amulet of faith
rElec   .            (no ring)
rCorr   .            (no ring)
SInv    .            (no ring)
Will    .....        (no ring)
Stlth   ++           (no ring)
HPRegen 0.32/turn    (no ring)
MPRegen 0.12/turn    (no ring)
                     (no ring)

%: faith
@: beast-form
A: beast (slay +1), almost no armour, amphibious, 8 rings, camouflage 1,
gelatinous body 1, (nimble swimmer 1), tentacles, antennae 1, iridescent scales
1
a: Begin Untransformation, Renounce Religion, Upheaval, Elemental Force


You were on level 8 of the Dungeon.
You worshipped Qazlal.
Qazlal was most pleased with you.
You were a hulking beast.
You visited 2 branches of the dungeon, and saw 9 of its levels.

You collected 402 gold pieces.

Inventory:

Missiles
 a - 2 throwing nets
Jewellery
 l - an amulet of faith (around mantle)
 p - a ring of fire
Talismans
 b - a beast talisman
 c - a flux talisman
Scrolls
 e - 2 scrolls of enchant armour
 f - a scroll of revelation {unknown}
 g - a scroll of fog
 h - 2 scrolls of noise
 j - a scroll of vulnerability {unknown}
 k - a scroll of enchant weapon {unknown}
 m - a scroll of fear {unknown}
 q - a scroll of identify
 r - 4 scrolls of blinking {unknown}
Potions
 d - 2 potions of attraction
 i - 3 potions of degeneration {unknown}
 n - 3 potions of curing
 o - a potion of invisibility


   Skills:
 + Level 10.3 Fighting
 + Level 10.1 Dodging
 - Level 6.5 Unarmed Combat
 - Level 3.0 Shapeshifting


You had 9 spell levels left.
You didn't know any spells.
Your spell library contained the following spells:

 Spells                   Type           Power      Damage    Failure   Level
 Sandblast                Erth           0%         2d4       30%         1
 Slow                     Hex            0%         N/A       30%         1
 Blink                    Tloc           0%         N/A       43%         2
 Lesser Beckoning         Tloc           0%         N/A       43%         2
 Momentum Strike          Conj/Tloc      0%         3d8       43%         2
 Passwall                 Alch/Erth      0%         N/A       43%         2
 Static Discharge         Conj/Air       0%         3-3/arc   43%         2
 Call Canine Familiar     Summ           0%         N/A       67%         3
 Gell's Gravitas          Tloc           0%         N/A       67%         3
 Ozocubu's Armour         Ice            0%         N/A       67%         3
 Sigil of Binding         Hex            0%         N/A       67%         3
 Stone Arrow              Conj/Erth      0%         3d7       67%         3
 Teleport Other           Tloc           0%         N/A       67%         3
 Brom's Barrelling Bould  Conj/Erth      0%         2d3       97%         4
 Dimensional Bullseye     Hex/Tloc       0%         N/A       97%         4
 Metabolic Englaciation   Hex/Ice        0%         N/A       100%        5
 Yara's Violent Unravell  Hex/Alch       0%         3d3       100%        5
 Dispersal                Tloc           0%         N/A       100%        6
 Simulacrum               Ice/Necr       0%         N/A       100%        6
 Enfeeble                 Hex            0%         N/A       100%        7


Dungeon Overview and Level Annotations

Branches:
Dungeon (8/15)             Temple (1/1) D:4
   Lair: D:8-11

Altars:
Ashenzari
Cheibriados
Dithmenos
Gozag
Hepliaklqana
Kikubaaqudgha
Makhleb
Okawaru
Qazlal
Ru
Sif Muna
Vehumet
Wu Jian
Xom
Yredelemnul
Zin
The Shining One

Shops:
D:2 [


Innate Abilities, Weirdness & Mutations

You are a hulking beast.
Your limbs bulge with bestial killing power. (Slay +1)
You cannot wear most types of armour.
You are amphibious.
You can wear up to eight rings at the same time.
Your skin changes colour to match your surroundings (Stealth+).
Your rubbery body absorbs attacks. (AC +1, EV +1)
((You are camouflaged when in or above water. (Stealth+)))
You have tentacles for arms and can constrict up to eight enemies at once.
You have a pair of small antennae on your head.
You are partially covered in iridescent scales. (AC +2)


Message History

Qazlal accepts your kill.
You see here a hornet corpse.
You start resting.
You hear a bark! x2
You hear an angry hiss. x3
You hear a bark!
A wyvern comes into view.
The wyvern moves out of view.
You start resting.
A wyvern is nearby!
A wyvern is nearby!
A wyvern is nearby!
A wyvern is nearby!
A wyvern is nearby!
A wyvern is nearby!
The wyvern bites you!!
You bludgeon the wyvern!
The wyvern is moderately wounded.
The wyvern bites you! You block the wyvern's attack.
You barely miss the wyvern. Your squeeze misses the wyvern.
The wyvern is moderately wounded.
You block the wyvern's attack.
You closely miss the wyvern.
The wyvern is moderately wounded.
The wyvern bites you!
You closely miss the wyvern. Your squeeze misses the wyvern.
The wyvern is moderately wounded.
The wyvern bites you!
* * * LOW HITPOINT WARNING * * *
The wyvern completely misses you.
You tentacle-slap the wyvern.
The wyvern is heavily wounded.
The wyvern closely misses you.
You barely miss the wyvern.
The wyvern is heavily wounded.
The wyvern misses you.
You tentacle-slap the wyvern.
The wyvern is heavily wounded.
The wyvern barely misses you. The wyvern bites you!
You die...

##...##.. ...##..
.....g... ......
....g.# #.... # ..
#..)## ##..# .#
.<###...[####...##.#
........).##.......#
............{..#.#
#.........#.####†#
..........#)##)h.#
#......)<)....k###
.....##.####..........
........###...#.....##.
.......)##.............
........##.....##..#.#
............##.#.....#
...................###
#.#................#


You could see a wyvern.

Vanquished Creatures
  A two-headed ogre (D:8)
  The ghost of jestert79 the Sneak, a novice KoSu of Nemelex Xobeh (D:6)
  Maggie (D:7)
  A hornet (D:8)
  Prince Ribbit (D:7)
  The ghost of TransRights the Covered, an amateur MiFi (D:6)
  A wyvern (D:5)
  A steam dragon (D:8)
  3 water moccasins
  Duvessa (D:5)
  2 black bears
  2 ice beasts
  An ogre (D:2)
  A centaur (D:7)
  2 kobold brigands
  Blork the orc (D:4)
  3 gnoll sergeants
  The ghost of Dazliare the Ruffian, an amateur VSSh (D:3)
  6 scorpions
  A bullfrog (D:7)
  Dowan (D:5)
  5 killer bees (D:7)
  A howler monkey (D:8)
  7 hounds
  A jelly (D:6)
  A bombardier beetle (D:3)
  A gnoll bouda (D:5)
  2 sleepcaps
  2 iguanas
  2 orc wizards
  A scorpion simulacrum (D:3)
  22 gnolls
  17 adders
  2 shadow imps
  4 white imps
  2 worms (D:3)
  3 dart slugs
  4 adder simulacra (D:3)
  22 orcs
  10 endoplasms
  3 giant cockroaches
  10 hobgoblins
  4 jackals
  14 kobolds
  4 quokkas
  9 ball pythons
  A ball python simulacrum (D:3)
  7 bats
  6 frilled lizards
  7 goblins
  7 rats
214 creatures vanquished.

Vanquished Creatures (others)
  A gnoll (D:8)
1 creature vanquished.

Grand Total: 215 creatures vanquished

Notes
Turn   | Place    | Note
-------+----------+-------------------------------------------
     0 | D:1      | Sonofthefire the Octopode Shapeshifter began the quest for
                  | the Orb.
     0 | D:1      | Reached XP level 1. HP: 13/13 MP: 1/1
     0 | D:1      | Upgraded the game from 0.31-a0-1370-gf52a5a9ab3 to
                  | 0.31-a0-1405-g2bb1a01664
     0 | D:1      | Upgraded the game from 0.31-a0-1405-g2bb1a01664 to
                  | 0.31-a0-1424-g2add1c7226
    84 | D:1      | Reached XP level 2. HP: 18/18 MP: 2/2
   603 | D:1      | Reached XP level 3. HP: 23/23 MP: 3/3
  2155 | D:2      | Noticed an ogre
  2168 | D:2      | Killed an ogre
  2169 | D:2      | Reached skill level 5 in Unarmed Combat
  2169 | D:2      | Reached XP level 4. HP: 10/28 MP: 4/4
  2185 | D:2      | Reached XP level 5. HP: 15/33 MP: 5/5
  2630 | D:3      | Found a runed translucent gate.
  2630 | D:3      | Found a runed translucent gate.
  2630 | D:3      | Found a runed translucent gate.
  2684 | D:3      | Noticed Dazliare's ghost (amateur VSSh)
  2721 | D:3      | Found a glowing golden altar of the Shining One.
  2831 | D:3      | Reached XP level 6. HP: 38/38 MP: 6/6
  3361 | D:2      | Found a faded altar of an unknown god.
  3395 | D:2      | Found Ycibbufo's Armour Shop.
  4051 | D:4      | Found a staircase to the Ecumenical Temple.
  4090 | Temple   | Entered the Ecumenical Temple
  4106 | Temple   | Became a worshipper of Qazlal Stormbringer
  4162 | D:4      | Noticed Blork the orc
  4174 | D:4      | Killed Blork the orc
  4246 | D:4      | Found an ornate altar of the Wu Jian Council.
  4246 | D:4      | Found a snail-covered altar of Cheibriados.
  4246 | D:4      | Found an iron altar of Okawaru.
  4380 | D:4      | Reached XP level 7. HP: 42/46 MP: 7/7
  4686 | D:5      | Entered Level 5 of the Dungeon
  4949 | D:5      | Noticed a wyvern
  4963 | D:5      | Killed a wyvern
  5190 | D:5      | Noticed Duvessa
  5191 | D:5      | Noticed Dowan
  5399 | D:6      | Reached XP level 8. HP: 45/54 MP: 8/8
  5399 | D:6      | Reached * piety under Qazlal
  5487 | D:6      | Reached skill level 5 in Fighting
  5555 | D:6      | Reached skill level 5 in Dodging
  5704 | D:6      | Found a runed translucent gate.
  5704 | D:6      | Found a runed translucent gate.
  5704 | D:6      | Found a runed translucent gate.
  6391 | D:6      | Noticed TransRights's ghost (amateur MiFi)
  6391 | D:6      | Noticed jestert79's ghost (novice KoSu)
  6745 | D:5      | Gained mutation: Your spells are a little harder to cast,
                  | but a little more powerful. [potion of mutation]
  6745 | D:5      | Gained mutation: You have a pair of small antennae on your
                  | head. [potion of mutation]
  6745 | D:5      | Lost mutation: Your spells are a little harder to cast, but
                  | a little more powerful. [potion of mutation]
  6745 | D:5      | Gained mutation: You are partially covered in iridescent
                  | scales. (AC +2) [potion of mutation]
  6781 | D:5      | HP: 1/58 [gnoll sergeant/+0 spear (9)]
  6794 | D:5      | HP: 1/58 [gnoll bouda/+0 whip (7)]
  6809 | D:5      | HP: 2/58 [gnoll/+0 spear[a gnoll sergeant] (4)]
  7197 | D:5      | Reached XP level 9. HP: 51/64 MP: 9/9
  7431 | D:5      | Killed Duvessa
  7497 | D:5      | Killed Dowan
  8040 | D:3      | Reached ** piety under Qazlal
  8149 | D:3      | Killed Dazliare's ghost
  8321 | D:6      | Killed jestert79's ghost
  8332 | D:6      | Killed TransRights's ghost
  8391 | D:6      | Got the Elucidation of Ill-fated Violence
  8815 | D:7      | Noticed Maggie
  8825 | D:7      | Killed Maggie
  8986 | D:7      | Reached XP level 10. HP: 63/74 MP: 10/10
  9030 | D:7      | Noticed Prince Ribbit
  9035 | D:7      | Killed Prince Ribbit
  9114 | D:7      | You fall into a shaft and drop 1 floor!
  9161 | D:8      | Reached *** piety under Qazlal
  9387 | D:8      | Noticed a two-headed ogre
  9398 | D:8      | Killed a two-headed ogre
  9591 | D:7      | Reached skill level 10 in Fighting
  9859 | D:7      | Reached skill level 10 in Dodging
 10276 | D:8      | Slain by a wyvern

Illustrated notes

Levels and vault maps discovered:
D:1:      lightli_arrival_statuegarden, layout_loops_cross,
          nicolae_concentric_dashed_squares_wild, minmay_misc_feat_four_crosses
D:2:      layout_rooms, chequers_ecumenical_altar_twisty, serial_rivers,
          chequers_serial_rivers_marsh, chequers_serial_rivers_micro_c,
          chequers_serial_rivers_micro_c, chequers_serial_rivers_micro_d,
          serial_shops, nicolae_shop_statue_plus, st_stairs_8
D:3:      layout_rooms, nicolae_tso_swordbearing_angel, gammafunk_ghost_icy,
          nicolae_concentric_dashed_squares_mild,
          wander_ebering_terrifying_dragon_lair
D:4:      minmay_angry_zag, layout_gridville, gammafunk_temple_overflow_claw,
          minmay_temple_entry_statues_pillars, nicolae_elevator_lobby_plus,
          uniq_blork_the_orc
D:5:      layout_basic, uniq_duvessa
D:6:      minmay_evil_eye, layout_layer_cave, gammafunk_ghost_cemetery,
          kennysheep_generic_room_10
D:7:      layout_gridville, nicolae_ossuary_entry_false_entrances,
          lightli_orcish_oven, uniq_maggie, uniq_prince_ribbit1
D:8:      layout_cave_pools, gammafunk_temple_overflow_arena, serial_gnoll_camp,
          gnoll_camp_mini_sergeant, gnoll_camp_medium_02,
          gnoll_camp_mini_doghouse, gnoll_camp_huts_basic
Temple:   nicolae_temple_figure_eight

Skill      XL: |  1  2  3  4  5  6  7  8  9 10 |
---------------+-------------------------------+-----
Unarmed Combat | 4 5 6 |  6.5
Fighting       | 3 4 7 9 10 | 10.3
Dodging        | 4 6 8 10 | 10.1
Shapeshifting  | |  3.0

Action                     |  1- 3 |  4- 6 |  7- 9 | 10-12 || total
---------------------------+-------+-------+-------+-------++-------
  Melee: Unarmed           |    44 |   142 |   226 |   108 ||   520
         Constrict         |     8 |    30 |    55 |    31 ||   124
         Tentacles         |     3 |    16 |    58 |    34 ||   111
         Punch             |     1 |     6 |    12 |     9 ||    28
    Use: Potion            |       |     2 |    14 |       ||    16
         Scroll            |       |       |     4 |       ||     4
   Stab: Sleeping          |     7 |     7 |     2 |       ||    16
         Distracted        |     1 |     1 |       |       ||     2
         Invisible         |       |       |     5 |       ||     5
 Armour: Skin              |     9 |    83 |   166 |    50 ||   308
  Dodge: Dodged            |    20 |    78 |   141 |    90 ||   329
  Block: Other             |       |       |    12 |    21 ||    33

Table legend: (Time is in decaauts)
 A = Elapsed time spent in this place.
 B = Non-inter-level travel time spent in this place.
 C = Inter-level travel time spent in this place.
 D = Time resting spent in this place.
 E = Time spent auto-exploring this place.
 F = Levels seen in this place.
 G = Mean time per level.
                   A        B        C        D        E       F      G
               +--------+--------+--------+--------+--------+-----+--------+
         Total |  10235 |   9687 |    548 |   3755 |   4241 |   9 | 1137.2 |
       Dungeon |  10206 |   9670 |    536 |   3755 |   4241 |   8 | 1275.8 |
        Temple |     28 |     16 |     12 |      0 |      0 |   1 |   28.0 |
               +--------+--------+--------+--------+--------+-----+--------+

Top non-repeatable levels by time:
     D:1: 2146 daAuts
     D:6: 2029 daAuts
     D:5: 1433 daAuts
     D:7: 1211 daAuts
     D:4: 1123 daAuts
     D:3: 965 daAuts
     D:2: 685 daAuts
     D:8: 611 daAuts
  Temple: 28 daAuts
